Cogmind - Beta 15 @@@ ROGUE MODE // 2025.05.24 @ 10:17:46 Player: LightKnight Result: Destroyed by FL-CQT(R) with Subdweller Beam Cannon Performance ------------- Evolutions (0) 0 Regions Visited (3) 600 Robots Destroyed (11) 55 Value Destroyed (344) 344 Prototype IDs (1) 20 Alien Tech Used (0) 0 Bonus (37) 37 TOTAL SCORE: 1056 Bonus ------- Follower Combat Kills 37 Cogmind --------- Core Integrity 0/250 Matter 295/300 Energy 168/200 System Corruption 0% Temperature Cool (9) Movement Rolling (105) Location -10/Subcaves Parts ------- > --- POWER (1) -------- Subdweller Power Source > --- PROPULSION (2) --- Compact Wheel Subdweller Monowheel > --- UTILITY (2) ------ Large Storage Unit V3-11A's Pendant > --- WEAPON (2) ------- Subdweller Beam Cannon > --- INVENTORY (15) --- Subdweller Power Source Compact Wheel Subdweller Monowheel Small Storage Unit Humpback Structural Scanner Subdweller Optics Subdweller Optics Makeshift Thermal Plating Medium Laser Piercing Trap Scrap Shield Fragment (48) Scrap Shield Fragment (42) Peak State ------------ > --- POWER ------------ Subdweller Power Source > --- PROPULSION ------- Subdweller Monowheel Subdweller Monowheel > --- UTILITY ---------- Large Storage Unit Makeshift Thermal Plating > --- WEAPON ----------- Subdweller Beam Cannon Subdweller Beam Cannon > --- INVENTORY -------- Aluminum Leg Aluminum Leg Compact Wheel Compact Wheel Disposable Heat Sink Small Storage Unit Structural Scanner Subdweller Optics Medium Laser Assault Rifle [Rating: 16] Favorites ----------- Power Ion Engine Engine Ion Engine Propulsion Light Treads Treads Light Treads Leg Aluminum Leg Wheel Subdweller Monowheel Utility Large Storage Unit Device Structural Scanner Storage Large Storage Unit Protection Makeshift Thermal Plating Weapon EM Pulse Gun Energy Gun EM Pulse Gun Energy Cannon Subdweller Beam Cannon Ballistic Gun Assault Rifle Build | -11 -10 -10 -10 ------- Run | Yrd Mat Min Sub Slots Evolved . | . . . . Power . | . . . . Propulsion . | . . . . Utility . | . . . . Weapon . | . . . . Parts Attached 24 | 1 3 . 20 Power 4 | . . . 4 Engine 4 | . . . 4 Core . | . . . . Reactor . | . . . . Propulsion 6 | . 1 . 5 Treads 2 | . . . 2 Leg 1 | . 1 . . Wheel 3 | . . . 3 Hover . | . . . . Flight . | . . . . Utility 7 | . 1 . 6 Device 4 | . 1 . 3 Storage 2 | . . . 2 Processor . | . . . . Hackware . | . . . . Protection 1 | . . . 1 Artifact . | . . . . Weapon 7 | 1 1 . 5 Energy Gun 4 | 1 1 . 2 Energy Cannon 2 | . . . 2 Ballistic Gun 1 | . . . 1 Ballistic Cannon . | . . . . Launcher . | . . . . Special Weapon . | . . . . Impact Weapon . | . . . . Slashing Weapon . | . . . . Piercing Weapon . | . . . . Special Melee Weapon . | . . . . Unidentified Prototypes 1 | . . . 1 Parts Lost 10 | . . . 10 Power 3 | . . . 3 Propulsion 2 | . . . 2 Utility 1 | . . . 1 Weapon 4 | . . . 4 Highest Loss Streak 3 | . . . 3 To Critical Strikes . | . . . . Average Backups 8 | 6 7 8 8 Power . | 1 1 1 . Propulsion 3 | 4 4 4 3 Utility 2 | . . 1 2 Weapon 1 | 1 1 2 1 Tool/Special . | . . . . Unused Backups 7 | . . . 7 Power . | . . . . Propulsion 5 | . . . 5 Utility 2 | . . . 2 Weapon . | . . . . Tool/Special . | . . . . Average Slot Usage (%) 98 | . 98 100 98 Engine 13 | . 14 14 13 Treads 13 | . . . 15 Leg 5 | . 28 28 2 Wheel 8 | . . . 9 Device 12 | . 12 14 12 Storage 13 | . 14 14 13 Energy Gun 18 | . 26 28 18 Energy Cannon 8 | . . . 9 Peak Build Rating 16 | 6 7 7 16 Average Rating 9 | 6 6 7 10 On Entrance 6 | 6 6 7 7 Naked Turns . | . . . . Heaviest Build 217 | 14 15 15 217 Greatest Support 40 | 20 20 20 40 Greatest Overweight (x) 13 | . . . 13 Average Overweight (x) . | . . . 1 Largest Inventory Capacity 35 | 8 8 8 35 Average Capacity 14 | 8 8 8 15 Most Carried 16 | 6 8 8 16 Average Carried 9 | 6 7 8 9 Final Capacity 15 | 8 8 8 15 Final Carried 14 | 6 8 8 14 Class Distribution -------------------- 91% | Mutant 5% | Scavenger-Mutant 3% | Hauler-Mutant Dominant Class ---------------- Mutant | -10/Materials Mutant | -10/Mines Mutant | -10/Subcaves Resources | -11 -10 -10 -10 ----------- Run | Yrd Mat Min Sub Matter Collected 506 | 200 26 . 280 Remotely . | . . . . Salvage Created 447 | . 126 . 321 Parts 26 | . 8 . 18 Haulers Intercepted . | . . . . Recyclers Shooed 1 | . 1 . . Parts Field Recycled . | . . . . Retrieved Matter . | . . . . Parts Self-Destructed 7 | . . . 7 Prevented . | . . . . Kills | -11 -10 -10 -10 ------- Run | Yrd Mat Min Sub Combat Hostiles Destroyed 10 | . 2 . 8 Guns 7 | . 2 . 5 Cannons 2 | . . . 2 Classes Destroyed 4 | . 2 . 2 Watcher 1 | . 1 . . Swarmer 2 | . . . 2 Grunt 2 | . 2 . . Subdweller 6 | . . . 6 Best Kill Streak 3 | . 2 . 3 Combat Bots Only 3 | . 2 . 3 Max Kills in Single Turn 1 | . 1 . 1 Gunslinging . | . . . . Exploded . | . . . . Melee . | . . . . Uniques/NPCs Destroyed . | . . . . Combat | -11 -10 -10 -10 -------- Run | Yrd Mat Min Sub Hostile Shots Fired 105 | . 27 . 78 Missed 32 | . 11 . 21 Hits 73 | . 16 . 57 Projectile 73 | . 16 . 57 AOE 2 | . . . 2 Critical Strikes 1 | . . . 1 Damage Taken 1376 | . 152 . 1224 Core 260 | . 11 . 249 Absorbed by Shields . | . . . . Core Remaining (%) 100 | 100 . . . Volleys Fired 60 | . 9 . 51 Largest 2 | . 2 . 2 Hottest 160 | . 80 . 160 Shots Fired 103 | . 18 . 85 Gun 72 | . 18 . 54 Cannon 31 | . . . 31 Launcher . | . . . . Special . | . . . . Kinetic 22 | . . . 22 Thermal 55 | . . . 55 Explosive . | . . . . Electromagnetic 26 | . 18 . 8 Robot Hit Streak 30 | . 5 . 30 Robot Miss Streak 3 | . 2 . 3 Penetration Max . | . . . . Secondary Targets 1 | . . . 1 Max Gunslinging Chain 1 | . . . 1 Shots Hit Robots 66 | . 11 . 55 Core Hits 18 | . 5 . 13 Critical Kills 1 | . . . 1 Critical Parts Destroyed . | . . . . Critical Strikes 3 | . . . 3 Burn 2 | . . . 2 Meltdown 1 | . . . 1 Melee Attacks . | . . . . Impact . | . . . . Slashing . | . . . . Piercing . | . . . . Sneak Attacks . | . . . . Combat Hostiles . | . . . . Follow-up Attacks . | . . . . Damage Inflicted 975 | . 148 . 827 Guns 722 | . 148 . 574 Cannons 253 | . . . 253 Explosions . | . . . . Melee . | . . . . Ramming . | . . . . Kinetic 249 | . . . 249 Thermal 523 | . . . 523 Explosive . | . . . . Electromagnetic 203 | . 148 . 55 Impact . | . . . . Slashing . | . . . . Piercing . | . . . . Highest Corruption . | . . . . Average Corruption . | . . . . Corruption Purged . | . . . . Corruption Blocked . | . . . . Overload Shots . | . . . . Overflow Damage 5 | . . . 5 Projectiles 5 | . . . 5 Explosions . | . . . . Melee . | . . . . Knockbacks . | . . . . Impact . | . . . . Kinetic . | . . . . Secondary . | . . . . Self-Inflicted Damage . | . . . . Shots . | . . . . Rammed . | . . . . Targets Rammed . | . . . . Kicked . | . . . . Crushed . | . . . . Highest Temperature 265 | . 156 . 265 Average Temperature 80 | . 65 . 89 Received Heat Transfer 561 | . 54 . 507 Siege Activations . | . . . . Martial Activations . | . . . . Shielding Activations . | . . . . Robots Disrupted . | . . . . Combat Hostiles . | . . . . Robots Corrupted . | . . . . Combat Hostiles . | . . . . Parts Fried 1 | . 1 . . Impact Corruptions . | . . . . Robots Melted 1 | . . . 1 Combat Hostiles 1 | . . . 1 Parts Melted 4 | . . . 4 Heat Transferred 1136 | . . . 1136 Parts Sabotaged . | . . . . Parts Stolen . | . . . . Parts Stripped . | . . . . Power Chain Reactions . | . . . . Alert | -11 -10 -10 -10 ------- Run | Yrd Mat Min Sub Maximum Alert Level . | . . . . Low Security (%) 100 | 100 100 100 . Level 1 . | . . . . Level 2 . | . . . . Level 3 . | . . . . Level 4 . | . . . . Level 5 . | . . . . High Security . | . . . . Max Security . | . . . . Peak Influence 30 | . 30 3 . Initial 3 | . . 3 . Average 4 | . 5 1 . Influence Increases 138 | . 47 . 91 Destroy 0b10 Robot/C 100 | . 40 . 60 Destroy 0b10 Robot/NC 5 | . 5 . . Destroy Leader 2 | . 2 . . Allied During Kill 1 | . . . 1 Lose Combat Pursuer 30 | . . . 30 Influence Decreases 103 | . 37 10 56 Entered New Map 7 | . . 7 . Time Decay 46 | . 37 3 6 Lost Part 10 | . . . 10 Lost Ally 40 | . . . 40 Squads Dispatched 1 | . 1 . . Investigation . | . . . . Extermination . | . . . . Reinforcement 1 | . 1 . . Assault . | . . . . Garrison . | . . . . Intercept . | . . . . Searches Triggered . | . . . . Construction Impeded . | . . . . Haulers Reinforced . | . . . . Active Scanning Responses . | . . . . Cargo Convoy Interrupts . | . . . . Stealth | -11 -10 -10 -10 --------- Run | Yrd Mat Min Sub Distress Signals 2 | . 2 . . Communications Jammed . | . . . . Distress Signals . | . . . . Times Spotted 23 | . 9 . 14 Peak Tracking Total 6 | . 4 . 6 Tactical Retreats 1 | . . . 1 Traps | -11 -10 -10 -10 ------- Run | Yrd Mat Min Sub Traps Triggered 1 | . . . 1 Indirectly . | . . . . Trap Hack Attempts . | . . . . Triggered . | . . . . Disarmed . | . . . . Reprogrammed . | . . . . Reused . | . . . . Traps Extracted . | . . . . Installed . | . . . . Triggered . | . . . . Most Traps Carried 1 | . . . 1 Machines | -11 -10 -10 -10 ---------- Run | Yrd Mat Min Sub Machines Disabled . | . . . . Max in Single Turn . | . . . . Machines Repaired . | . . . . Machines Dismantled . | . . . . Machines Sabotaged . | . . . . Overloaded Fab Kills . | . . . . Hacking | -11 -10 -10 -10 --------- Run | Yrd Mat Min Sub Machines Accessed 2 | . 2 . . Terminals 2 | . 2 . . Fabricators . | . . . . Repair Stations . | . . . . Recycling Units . | . . . . Scanalyzers . | . . . . Garrison Access . | . . . . Total Hacks 5 | . 5 . . Successful . | . . . . Failed 5 | . 5 . . Catastrophic 1 | . 1 . . Database Lockouts . | . . . . Manual 3 | . 3 . . Terminals 5 | . 5 . . Fabricators . | . . . . Repair Stations . | . . . . Recycling Units . | . . . . Scanalyzers . | . . . . Garrison Access . | . . . . Terminal Hacks . | . . . . Fabricator Hacks . | . . . . Repair Station Hacks . | . . . . Recycling Unit Hacks . | . . . . Scanalyzer . | . . . . Garrison Access Hacks . | . . . . Unauthorized Hacks . | . . . . Terminals . | . . . . Fabricators . | . . . . Repair Stations . | . . . . Recycling Units . | . . . . Scanalyzers . | . . . . Garrison Access . | . . . . Data Cores Recovered . | . . . . Used . | . . . . Hacking Detections 2 | . 2 . . Full Trace Events 1 | . 1 . . Feedback Events . | . . . . Feedback Blocked . | . . . . Robot Schematics Acquired . | . . . . Robots Built . | . . . . Authchips . | . . . . Time . | . . . . Total Robot Build Rating . | . . . . Part Schematics Acquired . | . . . . Parts Built . | . . . . Authchips . | . . . . Time . | . . . . Total Part Build Rating . | . . . . Parts Repaired . | . . . . Time . | . . . . Parts Recycled . | . . . . Recycled Matter . | . . . . Retrieved Matter . | . . . . Retrieved Components . | . . . . Parts Scanalyzed . | . . . . Part Schematics Acquired . | . . . . Parts Damaged . | . . . . Bothacking | -11 -10 -10 -10 ------------ Run | Yrd Mat Min Sub Used RIF Installer . | . . . . Robots Hacked . | . . . . Non-combat . | . . . . Combat . | . . . . Robot Hacks Applied . | . . . . Relay Couplers Released . | . . . . Fabnet Peak Effective % . | . . . . Robots Rewired . | . . . . Allies Hacked . | . . . . Hacks Repelled . | . . . . Allies | -11 -10 -10 -10 -------- Run | Yrd Mat Min Sub Total Allies 3 | . . . 3 Largest Group 2 | . . . 2 Highest-Rated Group 38 | . . . 38 Highest-Rated Ally 19 | . . . 19 Total Orders . | . . . . Ally Attacks 4 | . . . 4 Total Damage 91 | . . . 91 Kills 2 | . . . 2 Allies Corrupted . | . . . . Allies Melted . | . . . . Intel | -11 -10 -10 -10 ------- Run | Yrd Mat Min Sub Active Infowar (turns) 1928 | . 239 44 1645 Optics 129 | . . . 129 Structural 1799 | . 239 44 1516 Robot Analysis Total . | . . . . Derelict Logs Recovered 1 | . . . 1 Drone Launches . | . . . . Drone Recoveries . | . . . . Exploration | -11 -10 -10 -10 ------------- Run | Yrd Mat Min Sub Turns Passed 2663 | 2 251 44 2366 Spaces Moved 1032 | 1 182 13 836 Core 5 | . . . 5 Treads 241 | . . . 241 Legs 209 | 1 182 13 13 Wheels 577 | . . . 577 Hover . | . . . . Flight . | . . . . Fastest Speed 105 | 120 120 120 105 Average Speed 145 | 120 120 120 151 Slowest Speed 700 | 120 120 120 700 Overloaded Moves . | . . . . Propulsion Burnouts . | . . . . Robots Hopped . | . . . . Potential Cave-ins . | . . . . Cave-ins Triggered . | . . . . Exploration Rate (%) 27 | 2 43 9 54 Regions Visited 3 Branch Regions 2 Pre-discovered Areas 1 | . . . 1 Known Exits Taken . | . . . . Unknown Exits Taken 3 | 1 1 1 . Scrap Searched 7 | . . . 7 Spaces Dug 3 | . . . 3 Terrain Destroyed 9 | . . . 9 Melee . | . . . . Projectile 9 | . . . 9 AOE . | . . . . Terrain Rammed . | . . . . Walls Destroyed . | . . . . Machines Disabled . | . . . . Actions | -11 -10 -10 -10 --------- Run | Yrd Mat Min Sub Total 2087 | 1 196 41 1849 Wait 923 | . . 29 894 Move 1029 | . 181 12 836 Hop . | . . . . Pick Up 30 | . 1 . 29 Fast Attach 12 | . 2 . 10 Attach 11 | . . . 11 Detach 9 | . 1 . 8 Swap 5 | 1 1 . 3 Drop 8 | . 1 . 7 Fire 60 | . 9 . 51 Melee . | . . . . Ram . | . . . . Kick . | . . . . Crush . | . . . . Escape Stasis . | . . . . Rewire . | . . . . Trap . | . . . . Miscellaneous . | . . . . Route ------- -11/Scrapyard -10/Materials (discovered 2 exits: [*Mat] / [*Min]) -10/Mines -10/Subcaves (discovered 2 exits: [*Mat x2]) History --------- Turn | Location | Event 3 | -11/Scrapyard | Discovered new exit (range 0) 3 | -11/Scrapyard | Entered Materials 120 | -10/Materials | Discovered new exit (range 8) 248 | -10/Materials | Discovered new exit (range 6) 254 | -10/Materials | Entered Mines 269 | -10/Mines | Discovered new exit (range 4) 298 | -10/Mines | Entered Subcaves 322 | -10/Subcaves | Build established: Mutant 1433 | -10/Subcaves | Learned Materials terminal intel 1438 | -10/Subcaves | Discovered new exit (range 16) 1443 | -10/Subcaves | Ambushed by Subdwellers from Twisted Machinery 1546 | -10/Subcaves | Lost 3 parts (2p1n) 1775 | -10/Subcaves | Shifting Twisted Machinery released Battle Rifle 1844 | -10/Subcaves | Shifting Twisted Machinery released Sub. Monowheel 1959 | -10/Subcaves | Discovered new exit (range 8) 1993 | -10/Subcaves | Core integrity fell below 50% 2087 | -10/Subcaves | Visited triangular shrine 2115 | -10/Subcaves | Found Prototype Device 2115 | -10/Subcaves | Identified V3-11A's Pendant 2120 | -10/Subcaves | Befriended Subdweller 2326 | -10/Subcaves | Curiously followed by a Cobbler waking with a query about "LVR3C" 2345 | -10/Subcaves | Befriended Subdweller 2345 | -10/Subcaves | Befriended Subdweller 2438 | -10/Subcaves | Learned location of Zion (-6) 2438 | -10/Subcaves | Met a Zionite searching for "candidates" 2457 | -10/Subcaves | Shifting Twisted Machinery released Flamer 2457 | -10/Subcaves | Shifting Twisted Machinery released Piercing Trap 2616 | -10/Subcaves | Core integrity fell below 20% 2661 | -10/Subcaves | Ambushed by Subdweller buried in earth 2664 | -10/Subcaves | Destroyed by FL-CQT(R) with Subdweller Beam Cannon Last Messages --------------- Piercing Trap falls loose from the Twisted Machinery. 02548_ Sub. Power Source shoots sparks and powers down. 02599_ NX-AGQ(R) destroyed. 02601_ S-10 Pest destroyed. 02603_ XO-1D1(R) affixes Scrap Shield Fragment to Scrap Shield. 02606_ S-10 Pest destroyed. 02606_ XO-1D1(R) destroyed. 02618_ S-10 Pest destroyed. 02621_ Destroyed Flight Unit. 02622_ Lgt. Assault Rifle fries itself beyond repair. 02636_ S-10 Pest destroyed. 02644_ Flight Unit fries itself beyond repair. 02657_ 5P-S7G(O) cries out in pain. 02657_ 5P-S7G(O) destroyed. 02662_ FL-CQT(R): "ARGHSUB!" 02662_ Sub. Laser destroyed. Map ----- +----------------------------------------------------+ | ??????????????????????# ###????????????? | | ??????????????????????### #????????????? | | ????????????????????????### ###????????????? | | ??????????????????????????# #??????????????? | | ??????????????????????????# #??###?????????? | | ?????????????????????????## ### ###???????? | | ???????????????????????### #???????? | | ???????????????????????# ###???????? | | ???????????????????????## ###?????????? | | ????????????????????????# ##???????????? | | ????????????????????????## ##????????????? | | ??????????????????###????## ######?????????????? | | ?????????????????## ##??## ##???#####??????????? | | ?????????????????# ### #???## ##?????????? | | ?????????????????# #?### #?????????? | | ???????????????????# #### ##????????? | | ???????????????????## ### #????????? | | ????????????????????## ### #????????? | | ?????????????????????## ## ##????????? | | ??????????????????????# #?##?????????? | | ??????????????????????## #????????????? | | ???????????????????????#### ##????????????? | | ??????????????????????????# ##?????????????? | | ????????????????????????###;# #??????????????? | | ????????????????????????# ##[ #??????????????? | | ????????????????????????#@ % #??????????????? | | ???????????????????????#R# #??????????????? | | ??????????????????????# ##; % &]##??????????????? | | ?????????????????????# #?###% &%##???????????????? | | ?????????????????????##????# #????????????????? | | ???????????????????????????# ;#???????????????? | | ??????????????????????????? ##???????????????? | | ?????????????????????????? #???????????????? | | ?????????????????????????? ??????????????? | | ????????????????????????? % #?????????????? | | ?????????????????????????## #?????????????? | | ??????????????????????????# ## #?????????????? | | ??????????????????????????# %#?" ?????????????? | | ??????????????????????????# =#??# ????????????? | | ??????????????????????????? ??????????????????? | | ??????????????????????????? ???????????????????? | | ?????????????????????????????????????????????????? | | ?????????????????????????????????????????????????? | | ?????????????????????????????????????????????????? | | ?????????????????????????????????????????????????? | | ?????????????????????????????????????????????????? | | ?????????????????????????????????????????????????? | | ?????????????????????????????????????????????????? | | ?????????????????????????????????????????????????? | | ?????????????????????????????????????????????????? | +----------------------------------------------------+ Best States ------------- Heat Dissipation 25 Energy Generation 15 Energy Capacity 250 Matter Stores 300 Matter Capacity 300 Sight Range 21 Terrain Scan Density 10 Armor Coverage 100 Resistance: TH 10 Evasion (%) 55 Recoil Reduction 2 Item Schematics ----------------- None Robot Schematics ------------------ None Fabricated ------------ Nothing Repaired ---------- Nothing Alien Tech Used ----------------- None Achievements -------------- None Challenges ------------ None Game ------ Seed AmuletArchitectSlayer Manual? 0 Play Time 00:14:49 Cumulative 288.9 hours Start 2025.05.24 @ 10:05:35 End 2025.05.24 @ 10:17:46 Sessions 1 Manual Loads 0 Difficulty Rogue Special Mode None Game No. 204 Rogue 204 Adventurer 0 Explorer 0 Win Type - Total 22 Types 18/0/2/2/0/0/0/0/0/0 Lore% 85 Gallery% 72 Achievement% 64 Wizard Run 0 Options --------- Layout 2 ASCII 0 Keyboard 1 Movement Arrows Keybinds 0 Fullscreen 1 Font 24/Smallcaps Map View 50x44 Zoom Use 0% Tactical HUD 1 Map Filters NONE Filters NONE Steam 1 RUN: 5abd4bdc-f086-4deb-ab9e-87f09ff14775